 Dungeon Crawl Stone Soup version 0.22.1-2-g9c5b331383 (webtiles) character file.

4080 Marnok the Carver (level 10, -3/84 HPs)
             Began as a Minotaur Fighter on Dec 21, 2018.
             Slain by Erica
             ... wielding a +0 scimitar of flaming
              (8 damage)
             ... on level 9 of the Dungeon.
             The game lasted 00:25:50 (5387 turns).

Marnok the Carver (Minotaur Fighter)                Turns: 5387, Time: 00:25:51

Health: -3/84      AC: 12    Str: 24    XL:     10   Next: 5%
Magic:  8/8        EV:  9    Int:  5    God:
Gold:   297        SH: 12    Dex: 12    Spells: 9/9 levels left

rFire    x . .     SeeInvis .   a - +1 long sword
rCold    + . .     Gourm    .   c - +0 shield
rNeg     . . .     Faith    .   l - +0 chain mail
rPois    +         Spirit   .   (helmet restricted)
rElec    +         Reflect  .   q - +0 cloak
rCorr    +         Harm     +   (no gloves)
MR       .....                  (no boots)
Stlth    ..........             g - amulet of harm
HPRegen  0.24/turn              e - ring of ice
MPRegen  0.11/turn              h - ring of resist corrosion

@: lethally poisoned (-3 -> -9), slowed, very slow
A: retaliatory headbutt, horns 2, low mp 1, poison resistance, electricity
resistance, strong 1
a: no special abilities


You were on level 9 of the Dungeon.
You were not hungry.

You visited 1 branch of the dungeon, and saw 9 of its levels.

You collected 297 gold pieces.

Inventory:

Hand Weapons
 a - a +1 long sword (weapon)
 d - a +1 dagger of protection
 m - a cursed +2 hand axe of freezing
 n - a +0 long sword
 p - a +3 morningstar
 t - a +2 war axe of chopping
 D - a +4 hunting sling
Missiles
 j - 5 poisoned tomahawks (quivered)
Armour
 b - a +0 scale mail
 c - a +0 shield (worn)
 l - a +0 chain mail (worn)
 q - a +0 cloak (worn)
 s - a +2 robe of magic resistance
 A - a +0 chain mail
Jewellery
 e - a ring of ice (left hand)
 g - an amulet of harm (around neck)
 h - a ring of resist corrosion (right hand)
 u - the amulet "Laschidi" {Inacc +Inv Stlth+, unknown}
   (You found it on level 5 of the Dungeon)

   [amulet of inaccuracy]

   It reduces the accuracy of all your attacks.
   It lets you turn invisible.
   It makes you more stealthy.
 v - a +3 amulet of reflection {unknown}
 C - a cursed amulet of inaccuracy {unknown}
Wands
 r - a wand of iceblast (9)
Scrolls
 k - 2 scrolls of noise
 w - 3 scrolls of amnesia
 B - a scroll of fear {unknown}
Potions
 i - a potion of brilliance
 o - 2 potions of flight
 E - a potion of haste
Comestibles
 f - 6 rations


   Skills:
 + Level 6.9 Fighting
 + Level 10.5 Long Blades
 + Level 9.4 Armour
 + Level 4.1 Dodging
 + Level 1.0 Stealth
 + Level 8.7 Shields


You had 9 spell levels left.
You didn't know any spells.
Your spell library contained the following spells:

 Spells                   Type           Power        Failure   Level  Hunger
 Magic Dart               Conj           #...         100%        1    ##.....
 Blink                    Tloc           N/A          100%        2    ###....
 Call Imp                 Summ           #.......     100%        2    ###....
 Slow                     Hex            #.......     100%        2    ###....
 Conjure Flame            Conj/Fire      #.......     100%        3    ####...
 Mephitic Cloud           Conj/Pois/Air  #.......     100%        3    ####...


Dungeon Overview and Level Annotations

Branches:
Dungeon (9/15)
 Temple: D:4-7         Lair: D:8-11         Orc: D:9-12

Altars:
Cheibriados
Yredelemnul
Zin

Shops:
D:6 *

Annotations:
D:9 Erica


Innate Abilities, Weirdness & Mutations

You reflexively headbutt those who attack you in melee.
You have a pair of horns on your head.
Your magical capacity is low. (-10% MP)
Your system is resistant to poisons. (rPois)
You are resistant to electric shocks. (rElec)
Your muscles are strong. (Str +2)


Message History

Erica is heavily wounded.
You feel sick.
Erica hits you with a scimitar of flaming!
* * * LOW HITPOINT WARNING * * *
Erica burns you.
* * * LOW HITPOINT WARNING * * *
Okay, then.
As you read the scroll labeled INANTEYKOS, it crumbles to dust.
You feel blessed for a moment.
It was a scroll of remove curse.
* * * LOW HITPOINT WARNING * * *
You feel sick. Erica hits you but does no damage.
As you read the scroll labeled WOHAFON GUECH, it crumbles to dust.
It is a scroll of enchant weapon.
Your +0 long sword glows red for a moment.
* * * LOW HITPOINT WARNING * * *
You feel sick.
Erica points at you and mumbles some strange words.
The bolt of poison misses you.
Erica hits you with a scimitar of flaming!
You die...

#.........# ####
#.........# #..+
#.........# #..#
#.........# #..#
#........## +..#
#........#
#..#######........##
######..@...............#
.....(..@.........#######
################..# ####


You could see Erica.

Vanquished Creatures
  Erolcha (D:9)
  The ghost of NeAGen181 the Fighter, a novice HOFi of Beogh (D:6)
  A hippogriff (D:7)
  2 ice beasts
  2 sky beasts
  An orc warrior (D:7)
  4 ogres
  2 phantoms
  2 centaurs
  A crocodile (D:8)
  A big kobold (D:5)
  2 bullfrogs (D:7)
  4 scorpions
  5 wights (D:8)
  A howler monkey (D:4)
  A crimson imp (D:5)
  5 hounds
  A centaur skeleton (D:8)
  2 orc priests
  10 orc wizards
  A bullfrog skeleton (D:7)
  4 worker ants
  3 iguanas
  A hound skeleton (D:7)
  A worker ant zombie (D:8)
  A gnoll (D:1)
  3 adders
  A shadow imp (D:7)
  3 dart slugs
  3 leopard geckos
  17 orcs
  6 giant cockroaches
  5 goblins
  2 hobgoblins (D:1)
  3 jackals (D:7)
  12 kobolds
  A quokka (D:5)
  8 bats
  5 frilled lizards
  A quokka skeleton (D:8)
  A quokka zombie (D:7)
  10 rats
  A bush (D:5)
142 creatures vanquished.

Notes
Turn   | Place    | Note
-------+----------+-------------------------------------------
     0 | D:1      | Marnok the Minotaur Fighter began the quest for the Orb.
     0 | D:1      | Reached XP level 1. HP: 19/19 MP: 0/0
    79 | D:1      | Reached XP level 2. HP: 26/27 MP: 1/1
   565 | D:1      | Reached XP level 3. HP: 33/33 MP: 2/2
   740 | D:1      | Reached skill level 3 in Long Blades
  1514 | D:3      | Reached XP level 4. HP: 35/40 MP: 3/3
  1742 | D:4      | Reached skill level 4 in Long Blades
  1763 | D:4      | Reached XP level 5. HP: 33/47 MP: 4/4
  1876 | D:4      | Found a snail-covered altar of Cheibriados.
  1896 | D:4      | Reached skill level 1 in Dodging
  2085 | D:4      | Noticed a phantom
  2099 | D:4      | Killed a phantom
  2099 | D:4      | Reached XP level 6. HP: 51/53 MP: 5/5
  2145 | D:4      | Reached skill level 5 in Long Blades
  2145 | D:4      | Reached skill level 5 in Armour
  2145 | D:4      | Reached skill level 5 in Shields
  2568 | D:4      | Reached XP level 7. HP: 56/60 MP: 6/6
  2624 | D:5      | Entered Level 5 of the Dungeon
  2674 | D:5      | Reached skill level 5 in Fighting
  2846 | D:5      | Reached skill level 6 in Long Blades
  3109 | D:5      | Got a warped pewter amulet
  3252 | D:6      | Found Oxufaf's Assorted Antiques.
  3260 | D:6      | Reached XP level 8. HP: 45/69 MP: 7/7
  3532 | D:6      | Found a runed door.
  3532 | D:6      | Noticed NeAGen181's ghost (novice HOFi)
  3550 | D:6      | Killed NeAGen181's ghost
  3550 | D:6      | Reached skill level 7 in Long Blades
  3747 | D:6      | Found a glowing silver altar of Zin.
  3909 | D:7      | Noticed a hippogriff
  3914 | D:7      | Killed a hippogriff
  3914 | D:7      | Reached skill level 8 in Long Blades
  4084 | D:7      | Gained mutation: You are dopey. (Int -2) [potion of
                  | mutation]
  4084 | D:7      | Gained mutation: You have a somewhat thin skeletal
                  | structure. (Dex +2, Stealth) [potion of mutation]
  4085 | D:7      | Lost mutation: You are dopey. (Int -2) [potion of mutation]
  4085 | D:7      | Lost mutation: You have a somewhat thin skeletal structure.
                  | (Dex +2, Stealth) [potion of mutation]
  4085 | D:7      | Gained mutation: Your magical capacity is low. (-10% MP)
                  | [potion of mutation]
  4085 | D:7      | Gained mutation: Your system is resistant to poisons.
                  | (rPois) [potion of mutation]
  4085 | D:7      | Gained mutation: Your muscles are strong. (Str +2) [potion
                  | of mutation]
  4085 | D:7      | Gained mutation: You are resistant to electric shocks.
                  | (rElec) [potion of mutation]
  4129 | D:7      | Reached XP level 9. HP: 75/75 MP: 7/7
  4189 | D:7      | Reached skill level 9 in Long Blades
  4284 | D:7      | Found a runed door.
  4289 | D:7      | Found a basalt altar of Yredelemnul.
  5052 | D:8      | Reached skill level 10 in Long Blades
  5174 | D:9      | Noticed Erolcha
  5190 | D:9      | Killed Erolcha
  5190 | D:9      | Reached skill level 1 in Stealth
  5190 | D:9      | Reached XP level 10. HP: 77/84 MP: 8/8
  5371 | D:9      | Noticed Erica
  5387 | D:9      | Slain by Erica

Skill      XL: |  1  2  3  4  5  6  7  8  9 |
---------------+----------------------------+-----
Fighting       | 4 5 6 |  6.9
Armour         | 4 5 6 8 9 |  9.4
Shields        | 4 5 6 7 8 |  8.7
Long Blades    | 3 4 5 6 8 10 | 10.5
Dodging        | 2 3 4 |  4.1
Stealth        | 1 |  1.0

Action                   |  1- 3 |  4- 6 |  7- 9 | 10-12 || total
-------------------------+-------+-------+-------+-------++-------
Melee: Long sword        |    93 |    80 |   272 |    13 ||   458
       Headbutt          |    15 |    14 |    84 |     3 ||   116
  Use: Scroll            |     3 |     2 |     4 |     2 ||    11
       Potion            |       |       |    10 |       ||    10
 Stab: Invisible         |       |       |     1 |       ||     1
  Eat: Chunk             |     2 |     3 |       |       ||     5
       Ration            |       |       |     3 |       ||     3
Armor: Scale mail        |    51 |    37 |    60 |       ||   148
       Chain mail        |       |       |    10 |     2 ||    12
       Skin              |       |       |     5 |       ||     5
Dodge: Dodged            |    32 |    31 |    75 |     3 ||   141
Block: Shield            |    50 |    44 |   106 |     3 ||   203
       Rpst.: Long sword |     8 |     5 |    20 |       ||    33
